AoeStats
← The Brave Sir Robin

Arena

509068453Analyzed
1v1 RM · 7d ago on Sep 25, 2026· 41m 22s· 2 players
Game mode
Random Map
Map size
Tiny (2 player)
Population
200
Speed
Normal
Resources
Standard
Victory
Conquest
Starting age
Dark Age
Ending age
Imperial Age
RankedLock teamsTeams togetherTeam positionsShared explorationLock speedFull tech treeHidden civsTurbo modeCheats
Victory
Defeat
🇩🇰 Franks · Denmark
1108
+16
🇪🇸 Khmer · Spain
1105
-16
Mito
10:07 Feudal Age
13:42 Castle Age
14:59 Loom
16:40 Loom
17:24 Double-Bit Axe
17:30 Gold Mining
19:41 Gold Shaft Mining
23:21 Devotion
32:34 Imperial Age
30:15 Stone Mining
31:27 Horse Collar
32:01 Bow Saw
32:30 Wheelbarrow
32:47 Stone Shaft Mining
36:10 Conscription
37:05 Chemistry
36:11 Siege Engineers
36:46 Elite Ballista Elephant
36:51 Light Cavalry
37:41 Bloodlines
37:31 Husbandry
37:45 Forging
37:40 Scale Barding Armor
38:47 Ballistics
40:00 Iron Casting
39:45 Chain Barding Armor
39:04 Hussar
The Brave Sir Robin
10:46 Feudal Age
14:34 Castle Age
12:33 Double-Bit Axe
16:05 Bow Saw
18:42 Gold Mining
23:24 Gold Shaft Mining
24:38 Wheelbarrow
24:26 Squires
27:51 Hand Cart
28:12 Stone Mining
29:06 Pikeman
33:20 Imperial Age
31:10 Scale Mail Armor
31:15 Scale Barding Armor
31:20 Forging
33:26 Onager
33:29 Cavalier
34:10 Husbandry
33:32 Halberdier
35:52 Chemistry
35:11 Chain Mail Armor
37:26 Conscription
38:30 Paladin
Connection lost

Rejoining the realm…

Still unreachable

The connection could not be restored.

Session expired

The server has moved on; the page needs a fresh start.